Map: Ley Lines

Players

kitune

  • Race: Terran Terran
  • Spawn Location: 7:00

A.I. 1 (Very Easy) - Winner!

  • Race: Zerg Zerg
  • Spawn Location: 1:00

VOD

Have the link to the VOD?

Description

Time

  • Played on: Aug. 3, 2025, 7:45 p.m.
  • Length: 8:00
Show
View Real Time Build Order
Export as new Build Order

kitune Terran 

Build Orders: Liberator Opening, Reaper Expand 

Get SALT Encoding   

  12  0:01  SCV  
  13  0:13  SCV  
  14  0:17  Supply Depot  
  14  0:25  SCV  
  15  0:39  SCV  
  15  0:41  Barracks  
  16  0:46  Refinery  
  16  0:51  SCV  
  17  1:03  SCV  
  18  1:15  SCV  
  19  1:29  Orbital Command  
  19  1:33  Reaper  
  20  1:43  Command Center  
  20  1:53  Supply Depot  
  20  1:55  SCV  
  21  2:05  Marine  
  21  2:07  SCV  
  23  2:20  SCV  
  24  2:25  Factory  
  24  2:28  Barracks Reactor  
  24  2:32  SCV  
  24  2:35  Refinery  
  25  2:44  SCV  
  26  2:56  SCV  
  27  3:02  Orbital Command  
  27  3:08  SCV  
  28  3:14  Starport  
  28  3:25  Orbital Command, SCV, Barracks Tech Lab  
  29  3:36  Hellion x2  
  29  3:37  SCV  
  34  3:45  Stimpack  
  34  3:49  SCV  
  34  3:51  Liberator  
  38  3:56  SCV  
  38  3:57  Hellion x2  
  38  4:01  SCV  
  44  4:05  Supply Depot  
  44  4:07  Supply Depot  
  44  4:08  SCV  
  45  4:13  SCV  
  46  4:26  Barracks, SCV  
  47  4:37  Factory Reactor, Barracks  
  47  4:38  Starport Tech Lab  
  47  4:52  SCV x2  
  49  4:57  Barracks  
  49  4:59  Barracks  
  49  5:04  SCV x2  
  51  5:18  SCV x2  
  53  5:24  Starport Reactor  
  53  5:25  Combat Shield  
  53  5:30  SCV x2  
  55  5:37  Marine  
  55  5:38  Marine x3  
  55  5:39  Marine  
  60  5:45  Marine  
  60  5:46  Marine  
  62  5:52  Siege Tank  
  62  5:55  Marine  
  62  5:56  Marine x3  
  69  5:58  Refinery, SCV, Supply Depot  
  69  5:59  Refinery  
  69  6:00  Supply Depot  
  70  6:19  SCV, Medivac x2, Marine x3  
  70  6:21  SCV, Marine x4  
  70  6:24  Siege Tank  
  86  6:40  Supply Depot  
  86  6:41  Supply Depot  
  86  6:43  Supply Depot x2  
  86  6:47  SCV, Marine x7  
  86  6:49  Medivac  
  86  6:51  Medivac  
  98  6:56  Siege Tank  
  101  7:05  Marine x7  
  101  7:06  Engineering Bay  
  101  7:07  Engineering Bay  
  108  7:12  Command Center  
  108  7:19  Medivac  
  110  7:23  Medivac, Marine x7  
  119  7:40  Marine x7  
Show
View Real Time Build Order
Export as new Build Order

A.I. 1 (Very Easy) Zerg - Winner!

Build Orders: Hatch First 

Get SALT Encoding   

  12  0:01  Drone  
  13  0:13  Overlord  
  13  0:16  Drone  
  14  0:41  Hatchery  
  13  0:43  Drone  
  14  1:01  Spawning Pool  
  14  1:03  Drone  
  14  1:08  Extractor  
  14  1:10  Drone  
  14  1:18  Overlord  
  14  1:48  Queen, Zergling x2  
  14  1:50  Zergling x2  
  18  2:00  Roach Warren  
  17  2:04  Drone  
  17  2:08  Extractor  
  17  2:12  Drone  
  18  2:16  Zergling x2  
  18  2:21  Drone  
  20  2:28  Drone  
  21  2:35  Drone  
  22  2:42  Drone  
  23  2:50  Drone  
  24  2:57  Drone  
  25  3:04  Drone  
  26  3:07  Roach  
  26  3:10  Overlord  
  28  3:14  Drone  
  29  3:22  Drone  
  30  3:29  Drone  
  31  3:36  Drone  
  32  3:43  Drone  
  32  3:46  Overlord  
  33  3:50  Drone  
  34  3:55  Lair  
  34  3:57  Roach  
  34  3:58  Drone  
  37  4:06  Drone  
  38  4:13  Drone  
  39  4:21  Drone  
  40  4:28  Drone  
  40  4:29  Overlord  
  41  4:35  Drone  
  42  4:42  Drone  
  43  4:48  Roach  
  43  4:49  Drone  
  46  4:54  Overseer  
  46  4:56  Drone, Overseer  
  46  4:59  Extractor  
  46  5:04  Drone, Extractor  
  46  5:11  Drone  
  47  5:18  Drone  
  48  5:25  Drone  
  49  5:32  Drone  
  50  5:39  Roach  
  50  5:40  Drone  
  53  7:29  Zergling x2  
  51  7:35  Overseer, Overlord  
Tags
 
Add a new tag
Caveats
  • Supply blocks, unpowered buildings, or Contaminate may cause inaccurate times.
  • Supply counts are checked every 10 seconds.